 Dungeon Crawl Stone Soup version 0.31-a0-832-g3a2c1c66ba (webtiles) character file.

Game seed: 7299369936243170058

112 Ijustatesigmund the Magician (level 4, -16/25 HPs)
             Began as a Deep Elf Fire Elementalist on Sept 25, 2023.
             Demolished by Crazy Yiuf
             ... wielding a +2 quarterstaff of chaos
              (20 damage)
             ... on level 2 of the Dungeon.
             The game lasted 00:03:54 (2070 turns).

Ijustatesigmund the Magician (DEFE)                 Turns: 2070, Time: 00:03:55

Health: -16/25     AC:  5    Str:  5    XL:     4   Next: 64%
Magic:  8/12       EV: 12    Int: 22    God:
Gold:   117        SH:  0    Dex: 15    Spells: 4/11 levels left

rFire   . . .        e - +0 sling
rCold   . . .        (no shield)
rNeg    . . .        a - +0 animal skin
rPois   .            t - +1 helmet
rElec   .            i - +0 cloak
rCorr   .            (no gloves)
SInv    .            (no boots)
Will    .....        (no amulet)
Stlth   ++           (no ring)
HPRegen 0.24/turn    (no ring)
MPRegen 0.13/turn

%: no passive effects
@: no status effects
A: no striking features
a: no special abilities


You were on level 2 of the Dungeon.
You visited 1 branch of the dungeon, and saw 2 of its levels.

You collected 117 gold pieces.

Inventory:

Hand Weapons
 e - a +0 sling (weapon)
Missiles
 r - a throwing net
Armour
 a - a +0 animal skin (worn)
 i - a +0 cloak (worn)
 t - a +1 helmet (worn)
Magical Staves
 s - a staff of earth
Scrolls
 f - 3 scrolls of identify {unknown}
 g - a scroll of vulnerability {unknown}
 h - a scroll of immolation {unknown}
 k - 2 scrolls of enchant armour {unknown}
 l - a scroll of poison {unknown}
 o - a scroll of brand weapon {unknown}
 q - a scroll of fog {unknown}
Potions
 b - a potion of magic
 c - a potion of curing {unknown}
 d - a potion of attraction {unknown}
 m - a potion of resistance {unknown}
 n - 2 potions of haste {unknown}
 p - a potion of lignification {unknown}


   Skills:
 - Level 1.4 Fighting
 + Level 0.4 Ranged Weapons
 - Level 2.4 Dodging
 - Level 2.4 Stealth
 + Level 4.2 Spellcasting
 + Level 2.5 Conjurations
 + Level 4.1 Fire Magic


You had 4 spell levels left.
You knew the following spells:

 Your Spells              Type           Power      Damage    Failure   Level
a - Foxfire               Conj/Fire      76%        2x1d7     2%          1
b - Scorch                Fire           44%        2d6       3%          2
c - Flame Wave            Conj/Fire      19%        2d7       26%         4

Your spell library contained the following spells:

 Spells                   Type           Power      Damage    Failure   Level
 Inner Flame              Hex/Fire       13%        N/A       14%         3
 Volatile Blastmotes      Fire/Tloc      26%        2d12      14%         3


Dungeon Overview and Level Annotations

Branches:
Dungeon (2/15)

Altars:
Kikubaaqudgha

Annotations:
D:2 Crazy Yiuf


Message History

Things that are here:
a +0 halberd; a gnoll corpse
There is an open door here.
You see here a +0 dagger.
There is an open door here.
You open the door.
There is an open door here.
You open the door.
There is an open door here.
Found two hammers.
Found a hammer.
You see here a +0 hammer.
Found two glowing hammers, four hammers and a twisted hammer.
Found a runed translucent door.
You see here a +0 hammer.
Found a hammer.
You see here a +1 hammer of holy wrath.
You see here a +0 hammer.
Found three hammers.
Crazy Yiuf shouts!
You see here a +0 hammer.
You open the door.
Crazy Yiuf yells, "Gnoll Orb Guardian pizzabubble!"
Casting: Foxfire (safe; 2% risk of failure)
Confirm with . or Enter, or press ? or * to list all spells.
Flames lash Crazy Yiuf.
Crazy Yiuf is lightly wounded.
Crazy Yiuf's fire resistance burns away.
Crazy Yiuf hits you with a +2 quarterstaff of chaos!
Ouch! That really hurt!
Crazy Yiuf burns you.
Casting: Scorch (safe; 3% risk of failure)
Confirm with . or Enter, or press ? or * to list all spells.
Flames lash Crazy Yiuf.
Crazy Yiuf is burned terribly!
Crazy Yiuf is heavily wounded.
Crazy Yiuf hits you with a +2 quarterstaff of chaos.
* * * LOW HITPOINT WARNING * * *
Space warps horribly around you!!
Ouch! That really hurt!
You die...

#....########
##...# # #####
# ##### # #).)#
# #)))# # ))) #
#g# ## #@##
#####. ##)#
#..... #)##
#.#### ##)# #.#
##)## ##.#
#..)# #..#
##...# ###.##
#....# ###...#
#....####...###


You could see Crazy Yiuf (combustible).

Vanquished Creatures
  Robin (D:2)
  3 gnolls (D:2)
  An adder (D:2)
  A worm (D:2)
  3 dart slugs
  3 ball pythons
  6 endoplasms
  2 giant cockroaches (D:2)
  13 goblins
  5 hobgoblins (D:2)
  A quokka (D:2)
  2 bats
  A frilled lizard (D:2)
  4 kobolds
  5 rats
51 creatures vanquished.

Vanquished Creatures (others)
  144 foxfires
144 creatures vanquished.

Grand Total: 195 creatures vanquished

Notes
Turn   | Place    | Note
-------+----------+-------------------------------------------
     0 | D:1      | Ijustatesigmund the Deep Elf Fire Elementalist began the
                  | quest for the Orb.
     0 | D:1      | Reached XP level 1. HP: 10/10 MP: 6/6
   203 | D:1      | Reached XP level 2. HP: 15/16 MP: 5/8
   206 | D:1      | Learned a level 2 spell: Scorch
  1016 | D:2      | Found an ancient bone altar of Kikubaaqudgha.
  1088 | D:2      | Reached XP level 3. HP: 20/20 MP: 6/10
  1224 | D:2      | Reached skill level 1 in Fighting
  1624 | D:2      | Reached XP level 4. HP: 25/25 MP: 9/11
  1635 | D:2      | Learned a level 4 spell: Flame Wave
  1718 | D:2      | Noticed Robin
  1724 | D:2      | Killed Robin
  2063 | D:2      | Found a runed translucent door.
  2064 | D:2      | Noticed Crazy Yiuf
  2070 | D:2      | Demolished by Crazy Yiuf

Illustrated notes

Levels and vault maps discovered:
D:1:      minmay_arrival_up_and_down, layout_loops_cross
D:2:      layout_basic, basic_altar, minmay_quadrilaterals, uniq_terence,
          uniq_robin, uniq_crazy_yiuf_cottage

Skill      XL: |  1  2  3  4 |
---------------+-------------+-----
Fighting       | 1 |  1.4
Conjurations   | 2 |  2.5
Spellcasting   | 4 |  4.2
Fire Magic     | 4 |  4.1
Ranged Weapons | |  0.4
Dodging        | |  2.4
Stealth        | |  2.4

Action                     |  1- 3 |  4- 6 || total
---------------------------+-------+-------++-------
   Fire: Sling             |       |     4 ||     4
   Cast: Foxfire           |    63 |    26 ||    89
         Scorch            |       |     2 ||     2
 Armour: Robe              |     5 |     2 ||     7
         Animal skin       |       |     4 ||     4
  Dodge: Dodged            |     2 |     2 ||     4

Table legend: (Time is in decaauts)
 A = Elapsed time spent in this place.
 B = Non-inter-level travel time spent in this place.
 C = Inter-level travel time spent in this place.
 D = Time resting spent in this place.
 E = Time spent auto-exploring this place.
 F = Levels seen in this place.
 G = Mean time per level.
                   A        B        C        D        E       F      G
               +--------+--------+--------+--------+--------+-----+--------+
         Total |   2070 |   2014 |     56 |    207 |   1424 |   2 | 1035.0 |
       Dungeon |   2070 |   2014 |     56 |    207 |   1424 |   2 | 1035.0 |
               +--------+--------+--------+--------+--------+-----+--------+

Top non-repeatable levels by time:
     D:2: 1076 daAuts
     D:1: 993 daAuts
